 Dungeon Crawl Stone Soup version 0.27-a0-1548-gf8a67e7463 (webtiles) character file.

Game seed: 14587586762687646122

4 Lemonice the Covert (level 1, -4/23 HPs)
             Began as a Gnoll Delver on July 14, 2021.
             Slain by a bullfrog zombie (5 damage)
             ... on level 5 of the Dungeon.
             The game lasted 00:00:17 (48 turns).

Lemonice the Covert (Gnoll Delver)                    Turns: 48, Time: 00:00:17

Health: -4/23      AC:  3    Str: 11    XL:     1   Next: 60%
Magic:  1/1        EV: 13    Int:  9    God:
Gold:   0          SH:  0    Dex: 13    Spells: 0/0 levels left

rFire    . . .     SeeInvis .   a - +0 falchion
rCold    . . .     Faith    .   (no shield)
rNeg     . . .     Spirit   .   b - +0 leather armour
rPois    .         Reflect  .   (no helmet)
rElec    .         Harm     .   (no cloak)
rCorr    .         Rampage  .   (no gloves)
Will     .....                  (no boots)
Stlth    ++++......             (no amulet)
HPRegen  0.07/turn              (no ring)
MPRegen  0.07/turn              (no ring)

@: no status effects
A: fangs 1, strong nose, distributed training
a: no special abilities


You were on level 5 of the Dungeon.
You visited 1 branch of the dungeon, and saw 1 of its levels.

Inventory:

Hand Weapons
 a - a +0 falchion (weapon)
Armour
 b - a +0 leather armour (worn)
Wands
 g - a wand of digging (3)
Scrolls
 c - a scroll of fog
 e - a scroll of fear
Potions
 f - a potion of haste


   Skills:
 + Level 6.4 Fighting
 + Level 0.1 Short Blades
 + Level 4.4 Long Blades
 + Level 0.1 Axes
 + Level 0.1 Maces & Flails
 + Level 0.1 Polearms
 + Level 0.1 Staves
 + Level 0.1 Slings
 + Level 0.1 Bows
 + Level 0.1 Crossbows
 + Level 0.1 Throwing
 + Level 0.1 Armour
 + Level 4.4 Dodging
 + Level 9.5 Stealth
 + Level 0.1 Shields
 + Level 0.1 Unarmed Combat
 + Level 0.1 Spellcasting
 + Level 0.1 Conjurations
 + Level 0.1 Hexes
 + Level 0.1 Summonings
 + Level 0.1 Necromancy
 + Level 0.1 Translocations
 + Level 0.1 Transmutations
 + Level 0.1 Fire Magic
 + Level 0.1 Ice Magic
 + Level 0.1 Air Magic
 + Level 0.1 Earth Magic
 + Level 0.1 Poison Magic
 + Level 0.2 Invocations
 + Level 0.1 Evocations


You couldn't memorise any spells.
You didn't know any spells.
Your spell library was empty.

Dungeon Overview and Level Annotations

Branches:
Dungeon (5/15)
 Temple: D:4-7

Altars:


Innate Abilities, Weirdness & Mutations

You have very sharp teeth.
Your uncanny sense of smell can sniff out nearby items.
Your experience applies equally to all skills.


Message History

You hit the adder zombie.
The adder zombie is almost destroyed.
The adder zombie closely misses you.
You hit the adder zombie.
You destroy the adder zombie!
A bullfrog zombie comes into view.
The bullfrog zombie hits you.
You hit the bullfrog zombie.
The bullfrog zombie is lightly damaged.
The bullfrog zombie hits you.
You hit the bullfrog zombie but do no damage.
The bullfrog zombie is lightly damaged.
The bullfrog zombie hits you but does no damage.
You barely miss the bullfrog zombie.
The bullfrog zombie is lightly damaged.
The bullfrog zombie hits you but does no damage.
The bullfrog zombie hits you.
You slash the bullfrog zombie!
The bullfrog zombie is moderately damaged.
The bullfrog zombie hits you.
You slash the bullfrog zombie!
You bite the bullfrog zombie, but do no damage.
The bullfrog zombie is heavily damaged.
The bullfrog zombie misses you.
You riposte.
You hit the bullfrog zombie.
The bullfrog zombie is heavily damaged.
The bullfrog zombie barely misses you.
You hit the bullfrog zombie.
The bullfrog zombie is severely damaged.
The bullfrog zombie barely misses you.
You slash the bullfrog zombie!
You bite the bullfrog zombie, but do no damage.
The bullfrog zombie is almost destroyed.
The bullfrog zombie hits you.
* * * LOW HITPOINT WARNING * * *
You closely miss the bullfrog zombie.
The bullfrog zombie is almost destroyed.
The bullfrog zombie hits you.
* * * LOW HITPOINT WARNING * * *
The bullfrog zombie hits you.
You die...

**,,***,***,,,,*****,,,,** *,,,,
**,,,,** *,,,,*** **#..,****,,,,
*,,,,,***,,,,,,***#..,,,,**,,,,
*,,,,,,,,,*,,*,,,#..,,,*,,,,,*,
**,,,,,,,,,*,****,..*,,.##*,,*,,
*,,,,,,,,,**,* ##.#**...#**,,,,
**,,,,,,,,,**,* #..# #...##**,,,
*,,,****,,,,,,####.## #....###.,,
,,*,,*,,,,**,,#Z@...###.....#..,,
,***,,,,****#...###.)#.........,,
,***,,*** #....* ##...........,,
,,,*,,* *#.##.** ##..........,,
***,,,****#.**#.,* ##..........,,
*,,*,,*#.** ##.###...........,,
*,****,.,* #............###,, *,*
**,,****#..........### **, *,*
*,,,,,...#####...## **


You could see a bullfrog zombie.

Vanquished Creatures
  An adder zombie (D:5)
1 creature vanquished.

Notes
Turn   | Place    | Note
-------+----------+-------------------------------------------
     0 | D:5      | Reached skill level 9 in Stealth
     0 | D:5      | Lemonice the Gnoll Delver began the quest for the Orb.
     0 | D:5      | Reached XP level 1. HP: 23/23 MP: 1/1
    48 | D:5      | HP: 1/23 [bullfrog zombie (4)]
    48 | D:5      | Slain by a bullfrog zombie

Illustrated notes

Levels and vault maps discovered:
D:5:      layout_layer_cave, mainiacjoe_overflow_brackets, uniq_prince_ribbit1,
          uniq_pikel

Skill      XL: | |
---------------+-+-----
Stealth        | |  9.5
Fighting       | |  6.4
Short Blades   | |  0.1
Long Blades    | |  4.4
Axes           | |  0.1
Maces & Flails | |  0.1
Polearms       | |  0.1
Staves         | |  0.1
Slings         | |  0.1
Bows           | |  0.1
Crossbows      | |  0.1
Throwing       | |  0.1
Armour         | |  0.1
Dodging        | |  4.4
Shields        | |  0.1
Unarmed Combat | |  0.1
Spellcasting   | |  0.1
Conjurations   | |  0.1
Hexes          | |  0.1
Summonings     | |  0.1
Necromancy     | |  0.1
Translocations | |  0.1
Transmutations | |  0.1
Fire Magic     | |  0.1
Ice Magic      | |  0.1
Air Magic      | |  0.1
Earth Magic    | |  0.1
Poison Magic   | |  0.1
Invocations    | |  0.2
Evocations     | |  0.1

Action                   || total
-------------------------++-------
Melee: Falchion          ||    16
       Bite              ||     2
  Use: Scroll            ||     1
 Stab: Sleeping          ||     1
Armor: Leather armour    ||     4
Dodge: Dodged            ||     6
       Rpst.: Falchion   ||     2

Table legend: (Time is in decaauts)
 A = Elapsed time spent in this place.
 B = Non-inter-level travel time spent in this place.
 C = Inter-level travel time spent in this place.
 D = Time resting spent in this place.
 E = Time spent auto-exploring this place.
 F = Levels seen in this place.
 G = Mean time per level.
                   A        B        C        D        E       F      G
               +--------+--------+--------+--------+--------+-----+--------+
         Total |     49 |     49 |      0 |      0 |      0 |   1 |   49.0 |
       Dungeon |     49 |     49 |      0 |      0 |      0 |   1 |   49.0 |
               +--------+--------+--------+--------+--------+-----+--------+

Top non-repeatable levels by time:
     D:5: 49 daAuts
